cohdb
Replays
Latest Replays
All Replays
Popular Replays
Top Player Replays
Match Explorer
How It Works
Community
CoH3 Stats
Reddit
Sign in to upload your games and track your stats! →
Sign in with Steam
Match 47354491
Unlisted
Match 47354491
Overview
Messages
Build Orders
End
Kradschützen Motorcycle Team
Panzerpioneer Squad
Selects Italian Infantry
250 Light Carrier
250 Light Carrier
Construct Light Support Kompanie
Selects Defensive Operations
Selects Defensive Operations
Combat Half-tracks
Construct Mechanized Kompanie
Panzerjäger Mechanized Group
Construct Mechanized Kompanie
Construct Panzerarmee Kommand
Selects Prepared Positions
Armored Reserves
Emergency Repair Kits
StuG Assault Group
Rapid Advance
Advanced Field Repairs
Vehicle Survival Package
254 Reconnaissance Tractor
Walking Stuka Rocket Launcher
youngmen
余寶
Lord Ludwig
不可抱萌物
Carecup
코카콜라제로
FARM7D
GigaFrog
0
0
Comments
sign in to comment!
No comments posted yet!